EL
JACKSON GENERALS @ FRISCO ROUGHRIDERS
07/14/2048
 
TOP OF THE 1ST
Jackson Generals batting - Pitching for Frisco RoughRiders : RHP Matt Stutzman
Pitching: RHP Matt Stutzman
Batting: RHB Tomokazu Sugimoto 0-0: Ball
1-0: Called Strike
1-1: Ground out 5-3 (Groundball, 5, EV 89.4 MPH)
Batting: RHB Ryan Criollo 0-0: Ball
1-0: Called Strike
1-1: Called Strike
1-2: Ball
2-2: Strikes out swinging
Batting: RHB Julian Gregory 0-0: Ball
1-0: Ball
2-0: Ball
3-0: Called Strike
3-1: Foul Ball, location: 2F
3-2: Ground out 5-3 (Groundball, 5L, EV 93.1 MPH)
Top of the 1st over - 0 runs, 0 hits, 0 errors, 0 left on base; Jackson 0 - Frisco 0
BOTTOM OF THE 1ST
Frisco RoughRiders batting - Pitching for Jackson Generals : RHP Michel Méry
Pitching: RHP Michel Méry
Batting: RHB Doug Hammertime 0-0: Foul Ball, location: 2F
0-1: Hit by Pitch
Batting: LHB Pauli Gassinger 0-0: Called Strike
Doug Hammertime steals 2nd base
0-1: Ground out 3-1 (Groundball, 34, EV 87.5 MPH)
Doug Hammertime to third
Batting: LHB Yasahiko Teshima 0-0: Ball
1-0: Called Strike
1-1: Foul Ball, location: 2F
1-2: Strikes out looking
Batting: RHB Andrew Clarke 0-0: Ball
1-0: Ball
2-0: Foul Ball, location: 2F
2-1: Foul Ball, location: 2F
2-2: Ball
3-2: Fly out, F8 (Flyball, 89S, EV 91.2 MPH)
Bottom of the 1st over - 0 runs, 0 hits, 0 errors, 1 left on base; Jackson 0 - Frisco 0
TOP OF THE 2ND
Jackson Generals batting - Pitching for Frisco RoughRiders : RHP Matt Stutzman
Batting: RHB Mike Conaway 0-0: TRIPLE (Line Drive, 89XD, EV 105.0 MPH)
Batting: RHB Hideo Okimura 0-0: Ball
1-0: Ball
2-0: Ball
3-0: Base on Balls
Batting: SHB Brendan Bundy 0-0: Ball
1-0: Foul Ball, location: 2F
1-1: Ball
2-1: Ball
3-1: Base on Balls
Hideo Okimura to second
Batting: RHB Victor Rosas 0-0: Swinging Strike
0-1: Called Strike
0-2: Strikes out swinging
Batting: RHB Ching-hsia Zhang 0-0: Ball
1-0: Swinging Strike
1-1: Grounds into double play, 6-4-3 (Groundball, 6M, EV 91.9 MPH)
Top of the 2nd over - 0 runs, 1 hit, 0 errors, 2 left on base; Jackson 0 - Frisco 0
BOTTOM OF THE 2ND
Frisco RoughRiders batting - Pitching for Jackson Generals : RHP Michel Méry
Batting: RHB Sean Neuroth 0-0: Called Strike
0-1: SOLO HOME RUN (Flyball, 7LD, EV 93.1 MPH), Distance : 345 ft
Batting: RHB Joe Kemp 0-0: Ball
1-0: Ground out 4-3 (Groundball, 4S, EV 94.4 MPH)
Batting: RHB Matt Sanders 0-0: Foul Ball, location: 2F
0-1: Ball
1-1: Swinging Strike
1-2: Foul Ball, location: 2F
1-2: Ball
2-2: DOUBLE (Line Drive, 5D, EV 108.8 MPH)
Batting: RHB Josh Ferguson 0-0: SINGLE (Line Drive, 4M, EV 108.1 MPH)
Matt Sanders to third
Batting: RHB Jose Pineda 0-0: Swinging Strike
0-1: Ball
1-1: Foul Ball, location: 2F
1-2: Ball
2-2: Strikes out looking
Batting: RHB Doug Hammertime 0-0: Called Strike
0-1: Foul Ball, location: 2F
0-2: Foul Ball, location: 2F
0-2: Ball
1-2: Fielders Choice at 2nd, 6-4 (Groundball, 6, EV 100.0 MPH)
Bottom of the 2nd over - 1 run, 3 hits, 0 errors, 2 left on base; Jackson 0 - Frisco 1
TOP OF THE 3RD
Jackson Generals batting - Pitching for Frisco RoughRiders : RHP Matt Stutzman
Batting: RHB Egidius Kruger 0-0: Foul Ball, location: 2F
0-1: Foul Ball, location: 2F
0-2: Ball
1-2: Strikes out swinging
Batting: RHB Tomokazu Sugimoto 0-0: Ball
1-0: Called Strike
1-1: Fly out, F9 (Flyball, 89S, EV 80.0 MPH)
Batting: RHB Ryan Criollo 0-0: Ball
1-0: Ground out 5-3 (Groundball, 5, EV 103.8 MPH)
Top of the 3rd over - 0 runs, 0 hits, 0 errors, 0 left on base; Jackson 0 - Frisco 1
BOTTOM OF THE 3RD
Frisco RoughRiders batting - Pitching for Jackson Generals : RHP Michel Méry
Batting: LHB Pauli Gassinger 0-0: Called Strike
0-1: SINGLE (Groundball, 34D, EV 104.4 MPH)
Batting: LHB Yasahiko Teshima 0-0: Called Strike
0-1: Fielders Choice at 2nd, 1-6 (Groundball, 13S, EV 66.9 MPH)
Batting: RHB Andrew Clarke 0-0: Ball
Yasahiko Teshima steals 2nd base (no throw)
1-0: Called Strike
Yasahiko Teshima is caught stealing 3rd base 2-5
1-1: Foul Ball, location: 2F
1-2: Strikes out swinging
Bottom of the 3rd over - 0 runs, 1 hit, 0 errors, 0 left on base; Jackson 0 - Frisco 1
TOP OF THE 4TH
Jackson Generals batting - Pitching for Frisco RoughRiders : RHP Matt Stutzman
Batting: RHB Julian Gregory 0-0: Ball
1-0: Ball
2-0: Called Strike
2-1: Ball
3-1: SINGLE (Groundball, 6M, EV 103.1 MPH)
Batting: RHB Mike Conaway 0-0: Foul Ball, location: 2F
0-1: Ball
1-1: Ball
Julian Gregory is caught stealing 2nd base 2-4
2-1: Foul Ball, location: 2F
2-2: Ball
3-2: Ground out 5-3 (Groundball, 5, EV 79.4 MPH)
Batting: RHB Hideo Okimura 0-0: Foul Ball, location: 2F
0-1: Ground out 4-3 (Groundball, 4, EV 105.0 MPH)
Top of the 4th over - 0 runs, 1 hit, 0 errors, 0 left on base; Jackson 0 - Frisco 1
BOTTOM OF THE 4TH
Frisco RoughRiders batting - Pitching for Jackson Generals : RHP Michel Méry
Batting: RHB Sean Neuroth 0-0: Ball
1-0: Ball
2-0: Ball
3-0: Called Strike
3-1: Called Strike
3-2: Base on Balls
Batting: RHB Joe Kemp 0-0: Ball
1-0: Ball
2-0: Foul Ball, location: 2F
2-1: Foul Ball, location: 2F
2-2: Ball
3-2: Foul Ball, location: 2F
3-2: Strikes out swinging
Batting: RHB Matt Sanders 0-0: Called Strike
Sean Neuroth steals 2nd base (no throw)
0-1: Ball
1-1: DOUBLE (Flyball, 8LXD, EV 106.2 MPH)
Sean Neuroth scores
Batting: RHB Josh Ferguson 0-0: Ball
1-0: Swinging Strike
1-1: Ball
2-1: Reached on error, E2 (Groundball, 15S, EV 76.2 MPH)
Matt Sanders to third
Batting: RHB Jose Pineda 0-0: Ball
Josh Ferguson steals 2nd base
1-0: Foul Ball, location: 2F
1-1: Ground out 5-3 (Groundball, 56S, EV 86.2 MPH)
Matt Sanders scores
Batting: RHB Doug Hammertime 0-0: Ball
1-0: Fly out, F9 (Flyball, 9, EV 79.4 MPH)
Bottom of the 4th over - 2 runs, 1 hit, 1 error, 1 left on base; Jackson 0 - Frisco 3
TOP OF THE 5TH
Jackson Generals batting - Pitching for Frisco RoughRiders : RHP Matt Stutzman
Batting: SHB Brendan Bundy 0-0: Called Strike
0-1: SINGLE (Groundball, 34D, EV 98.1 MPH)
Batting: RHB Victor Rosas 0-0: Ball
1-0: Ball
2-0: Ball
3-0: Base on Balls
Brendan Bundy to second
Batting: RHB Ching-hsia Zhang 0-0: Grounds into double play, 6-4-3 (Groundball, 6, EV 108.1 MPH)
Brendan Bundy to third
Batting: RHB Egidius Kruger 0-0: Called Strike
0-1: Foul Ball, location: 2F
0-2: Strikes out swinging
Top of the 5th over - 0 runs, 1 hit, 0 errors, 1 left on base; Jackson 0 - Frisco 3
BOTTOM OF THE 5TH
Frisco RoughRiders batting - Pitching for Jackson Generals : RHP Michel Méry
Batting: LHB Pauli Gassinger 0-0: Ball
1-0: DOUBLE (Groundball, 3L, EV 107.5 MPH)
Batting: LHB Yasahiko Teshima 0-0: Ball
Pauli Gassinger is caught stealing 3rd base 2-5
1-0: Called Strike
1-1: Ground out U3 (Groundball, 3, EV 103.8 MPH)
Batting: RHB Andrew Clarke 0-0: Ball
1-0: Ball
2-0: Ball
3-0: Fly out, F8 (Flyball, 8RS, EV 83.1 MPH)
Bottom of the 5th over - 0 runs, 1 hit, 0 errors, 0 left on base; Jackson 0 - Frisco 3
TOP OF THE 6TH
Jackson Generals batting - Pitching for Frisco RoughRiders : RHP Matt Stutzman
Batting: RHB Tomokazu Sugimoto 0-0: Called Strike
0-1: Ball
1-1: SINGLE (Flyball, 3D, EV 88.8 MPH)
Batting: RHB Ryan Criollo 0-0: DOUBLE (Flyball, 89XD, EV 98.1 MPH)
Tomokazu Sugimoto to third
Batting: RHB Julian Gregory 0-0: Called Strike
0-1: Ground out 5-3 (Groundball, 56, EV 84.4 MPH)
Tomokazu Sugimoto scores
Batting: RHB Mike Conaway 0-0: Called Strike
0-1: SINGLE (Flyball, 6MD, EV 89.4 MPH)
Ryan Criollo to third
Batting: RHB Hideo Okimura 0-0: Called Strike
Mike Conaway steals 2nd base (no throw)
0-1: Called Strike
0-2: Ball
1-2: Ball
2-2: Ball
3-2: Base on Balls
Batting: SHB Brendan Bundy 0-0: Ball
1-0: Swinging Strike
1-1: Ball
2-1: SINGLE (Line Drive, 56D, EV 93.8 MPH)
Ryan Criollo scores
Mike Conaway to third
Hideo Okimura to second
Runner from 3rd tries for Home, throw by LF and OUT! 7-2
Batting: RHB Victor Rosas 0-0: Foul Ball, location: 2F
0-1: Called Strike
0-2: Foul Ball, location: 2F
0-2: Ground out 5-3 (Groundball, 5S, EV 87.5 MPH)
Top of the 6th over - 2 runs, 4 hits, 0 errors, 2 left on base; Jackson 2 - Frisco 3
BOTTOM OF THE 6TH
Frisco RoughRiders batting - Pitching for Jackson Generals : RHP Michel Méry
Batting: RHB Sean Neuroth 0-0: Fly out, F9 (Flyball, 89D, EV 85.6 MPH)
Batting: RHB Joe Kemp 0-0: Ball
1-0: Ball
2-0: Ball
3-0: Called Strike
3-1: Swinging Strike
3-2: SOLO HOME RUN (Flyball, 89XD, EV 110.6 MPH), Distance : 424 ft
Pitching: RHP Raul Lopez
Batting: RHB Matt Sanders 0-0: Ball
1-0: Called Strike
1-1: Ground out 5-3 (Groundball, 56S, EV 70.6 MPH)
Batting: RHB Josh Ferguson 0-0: Called Strike
0-1: Ball
1-1: Foul Ball, location: 2F
1-2: SINGLE (Groundball, 4M, EV 83.1 MPH) (infield hit)
Batting: RHB Jose Pineda 0-0: Called Strike
0-1: Ball
1-1: Ball
2-1: Ball
3-1: Base on Balls
Josh Ferguson to second
Batting: RHB Doug Hammertime 0-0: Swinging Strike
0-1: Foul Ball, location: 2F
0-2: Ball
1-2: Ball
2-2: Foul Ball, location: 2F
2-2: Ball
3-2: Strikes out swinging
Bottom of the 6th over - 1 run, 2 hits, 0 errors, 2 left on base; Jackson 2 - Frisco 4
TOP OF THE 7TH
Jackson Generals batting - Pitching for Frisco RoughRiders : RHP Matt Stutzman
Batting: RHB Ching-hsia Zhang 0-0: Swinging Strike
0-1: Foul Ball, location: 2F
0-2: Ball
1-2: Foul Ball, location: 2F
1-2: Strikes out looking
Batting: RHB Egidius Kruger 0-0: Ground out U3 (Groundball, 13, EV 93.1 MPH)
Batting: RHB Tomokazu Sugimoto 0-0: Ball
1-0: Called Strike
1-1: Called Strike
1-2: Fly out, F6 (Line Drive, 6, EV 65.0 MPH)
Top of the 7th over - 0 runs, 0 hits, 0 errors, 0 left on base; Jackson 2 - Frisco 4
BOTTOM OF THE 7TH
Frisco RoughRiders batting - Pitching for Jackson Generals : RHP Raul Lopez
Pitching: RHP Jose Acevedo
Batting: LHB Pauli Gassinger 0-0: Ball
1-0: Ball
2-0: Called Strike
2-1: Ground out 6-3 (Groundball, 6, EV 96.2 MPH)
Batting: LHB Yasahiko Teshima 0-0: Called Strike
0-1: Called Strike
0-2: Ball
1-2: Fly out, F6 (Popup, 6MD, EV 67.5 MPH)
Batting: RHB Andrew Clarke 0-0: Called Strike
0-1: Foul Ball, location: 2F
0-2: Foul Ball, location: 2F
0-2: Ball
1-2: Strikes out swinging
Bottom of the 7th over - 0 runs, 0 hits, 0 errors, 0 left on base; Jackson 2 - Frisco 4
TOP OF THE 8TH
Jackson Generals batting - Pitching for Frisco RoughRiders : RHP Matt Stutzman
Batting: RHB Ryan Criollo 0-0: Ball
1-0: Called Strike
1-1: Foul Ball, location: 2F
1-2: Ball
2-2: SINGLE (Line Drive, 9S, EV 96.2 MPH)
Batting: RHB Julian Gregory 0-0: Ball
1-0: Called Strike
1-1: Ball
2-1: SINGLE (Flyball, 78S, EV 90.0 MPH)
Ryan Criollo to second
Batting: RHB Mike Conaway 0-0: Foul Ball, location: 2F
0-1: SINGLE (Groundball, 4MD, EV 98.1 MPH)
Ryan Criollo to third
Julian Gregory to second
Batting: RHB Hideo Okimura 0-0: Grounds into fielders choice 3-2 (Groundball, 34, EV 86.2 MPH)
Julian Gregory to third
Mike Conaway to second
Batting: SHB Brendan Bundy 0-0: Ball
1-0: Called Strike
1-1: Swinging Strike
1-2: Foul Ball, location: 2F
1-2: Ball
2-2: Strikes out swinging
Batting: RHB Victor Rosas 0-0: Ball
1-0: Called Strike
1-1: Ball
2-1: Foul Ball, location: 2F
2-2: Ground out U3 (Groundball, 34, EV 105.6 MPH)
Top of the 8th over - 0 runs, 3 hits, 0 errors, 3 left on base; Jackson 2 - Frisco 4
BOTTOM OF THE 8TH
Frisco RoughRiders batting - Pitching for Jackson Generals : RHP Jose Acevedo
Batting: RHB Sean Neuroth 0-0: Called Strike
0-1: Ball
1-1: Foul Ball, location: 2F
1-2: Ground out 5-3 (Groundball, 25, EV 89.4 MPH)
Batting: RHB Joe Kemp 0-0: Ball
1-0: Called Strike
1-1: Ball
2-1: Ball
3-1: Called Strike
3-2: Foul Ball, location: 2F
3-2: DOUBLE (Line Drive, 78M, EV 92.5 MPH)
Batting: RHB Matt Sanders 0-0: Called Strike
0-1: Ball
1-1: Called Strike
1-2: Ball
2-2: Ball
3-2: Foul Ball, location: 2F
3-2: Foul Ball, location: 2F
3-2: Strikes out swinging
Batting: RHB Josh Ferguson 0-0: Fly out, F8 (Flyball, 89M, EV 96.2 MPH)
Bottom of the 8th over - 0 runs, 1 hit, 0 errors, 1 left on base; Jackson 2 - Frisco 4
TOP OF THE 9TH
Jackson Generals batting - Pitching for Frisco RoughRiders : RHP Matt Stutzman
Pitching: LHP Valery Sahanov
Batting: RHB Ching-hsia Zhang 0-0: Ball
1-0: Ball
2-0: Ball
3-0: Called Strike
3-1: Called Strike
3-2: Strikes out looking
Batting: RHB Egidius Kruger 0-0: Fly out, F7 (Flyball, 78S, EV 63.8 MPH)
Batting: RHB Tomokazu Sugimoto 0-0: Ball
1-0: Called Strike
1-1: Called Strike
1-2: Ball
2-2: Strikes out swinging
Top of the 9th over - 0 runs, 0 hits, 0 errors, 0 left on base; Jackson 2 - Frisco 4
Tuesday, March 28th , 2023 - OOTP Baseball 23.10 Build 110